 Dungeon Crawl Stone Soup version 0.28-a0-1182-g381e24db82 (webtiles) character file.

Game seed: 15135670358030666879

37 ChaosChampion the Insei (level 3, -2/23 HPs)
             Began as an Octopode Transmuter on Dec 17, 2021.
             Slain by a gnoll (9 damage)
             ... on level 2 of the Dungeon.
             The game lasted 00:00:52 (1221 turns).

ChaosChampion the Insei (Octopode Transmuter)       Turns: 1221, Time: 00:00:53

Health: -2/23      AC:  1    Str:  9    XL:     3   Next: 39%
Magic:  4/6        EV: 13    Int: 17    God:
Gold:   31         SH:  0    Dex: 12    Spells: 3/6 levels left

rFire   . . .      SeeInvis .     - Unarmed
rCold   . . .      Faith    .   (no shield)
rNeg    . . .      Spirit   .   (helmet currently unavailable)
rPois   .          Reflect  .   (no amulet)
rElec   .          Harm     .   (no ring)
rCorr   .          Rampage  .   (no ring)
Will    .....                   (no ring)
Stlth   ++........              (no ring)
HPRegen 0.07/turn               (no ring)
MPRegen 0.10/turn               (no ring)
                                (no ring)
                                (no ring)

@: appendages (expiring), wereblooded
A: tentacle spike 3, almost no armour, amphibious, 8 rings, camouflage 1,
gelatinous body 1, (nimble swimmer 1), tentacles
a: End Transformation


You were on level 2 of the Dungeon.
One of your tentacles had grown a beastly spike.
You visited 1 branch of the dungeon, and saw 2 of its levels.

You collected 31 gold pieces.

Inventory:

Jewellery
 a - an amulet of faith
Scrolls
 b - a scroll of vulnerability {unknown}


   Skills:
 - Level 1.0 Fighting
 - Level 2.0 Dodging
 * Level 4.0 Unarmed Combat
 - Level 2.0 Spellcasting
 + Level 2.6 Transmutations


You had 3 spell levels left.
You knew the following spells:

 Your Spells              Type           Power      Damage    Failure   Level
a - Beastly Appendage     Tmut           20%        N/A       7%          1
b - Wereblood             Tmut           10%        N/A       10%         2

Your spell library contained the following spells:

 Spells                   Type           Power      Damage    Failure   Level
 Spider Form              Tmut/Pois      6%         N/A       34%         3
 Dazzling Flash           Conj/Hex       2%         N/A       50%         3
 Portal Projectile        Hex/Tloc       2%         N/A       50%         3
 Ice Form                 Ice/Tmut       6%         N/A       75%         4
 Iskenderun's Mystic Bla  Conj/Tloc      1%         2d3       88%         4
 Blade Hands              Tmut           5%         N/A       88%         5
 Excruciating Wounds      Necr           0%         N/A       99%         5
 Starburst                Conj/Fire      0%         6d3       100%        6


Dungeon Overview and Level Annotations

Branches:
Dungeon (2/15)

Altars:


Innate Abilities, Weirdness & Mutations

One of your tentacles has grown a beastly spike.
You cannot wear most types of armour.
You are amphibious.
You can wear up to eight rings at the same time.
Your skin changes colour to match your surroundings (Stealth+).
Your rubbery body absorbs attacks. (AC +1, EV +1)
((You are camouflaged near water. (Stealth+)))
You have tentacles for arms and can constrict up to eight enemies at once.


Message History

A kobold comes into view.
It is wielding a +0 dagger. 2 gnolls come into view.
The gnoll shouts!
The kobold shouts!
The hobgoblin shouts!
A gnoll comes into view. It is wielding a +0 spear.
The goblin shouts!
The gnoll shouts! x2
You tentacle-slap the goblin.
You kill the goblin!
The hobgoblin hits you.
You closely miss the hobgoblin. You grab the hobgoblin.
You squeeze the hobgoblin.
You feel a bit better.
You kill the hobgoblin!
You howl as the wereblood boils in your veins!
Your transformation is almost over.
The kobold hits you with a +0 dagger.
You see here a hobgoblin corpse.
You closely miss the kobold. You grab the kobold.
You pierce the kobold, but do no damage.
You howl as the wereblood boils in your veins!
You constrict the kobold, but do no damage.
The kobold hits you with a +0 dagger.
You bludgeon the kobold!
You feel a bit better.
You kill the kobold!
The gnoll hits you with a +0 spear! The gnoll barely misses you.
You tentacle-slap the gnoll but do no damage.
Your grab misses the gnoll.
You pierce the gnoll.
You squeeze the gnoll!
You feel a bit better.
You kill the gnoll!
The gnoll barely misses you.
Your Unarmed Combat skill increases to level 4!
A gnoll comes into view. It is wielding a +0 flail.
The gnoll hits you with a +0 spear!
Things that are here:
a +0 spear; a gnoll corpse You are too injured to fight recklessly!
You are too injured to fight recklessly!
You are too injured to fight recklessly!
You are too injured to fight recklessly!
The gnoll hits you from afar with a +0 spear!
You die...

#.# ######### #.#
#.......# #.#
#.......#
#######.#####.......#
#...............(...#
#.>.......$.........#
#....<........).....#
#............†.......
#...........@.......#
#.#.##....g).)......#
#....g..#.g....######
(...#####....#.# #..
......#..# ..(
.........#.#
......###.#.. ......#
.##.# ...... .# ..


You could see 3 gnolls.

Vanquished Creatures
  2 gnolls
  2 endoplasms (D:1)
  A giant cockroach (D:1)
  A hobgoblin (D:2)
  2 kobolds
  3 ball pythons (D:1)
  2 bats (D:1)
  A frilled lizard (D:1)
  2 goblins
  2 rats (D:1)
18 creatures vanquished.

Notes
Turn   | Place    | Note
-------+----------+-------------------------------------------
     0 | D:1      | ChaosChampion the Octopode Transmuter began the quest for
                  | the Orb.
     0 | D:1      | Reached XP level 1. HP: 13/13 MP: 3/3
   524 | D:1      | Reached XP level 2. HP: 18/18 MP: 3/5
   534 | D:1      | Learned a level 2 spell: Wereblood
  1125 | D:1      | Reached XP level 3. HP: 23/23 MP: 4/6
  1220 | D:2      | Reached skill level 4 in Unarmed Combat
  1221 | D:2      | Slain by a gnoll

Illustrated notes

Levels and vault maps discovered:
D:1:      dpeg_arrival_long_road, layout_loops_ring
D:2:      layout_basic

Skill      XL: |  1  2  3 |
---------------+----------+-----
Unarmed Combat | 4 |  4.0
Fighting       | |  1.0
Dodging        | |  2.0
Spellcasting   | |  2.0
Transmutations | |  2.6

Action                   || total
-------------------------++-------
Melee: Unarmed           ||    40
       Constrict         ||    10
       Kick              ||     9
       Tentacles         ||     7
       Punch             ||     1
 Cast: Beastly Appendage ||    13
       Wereblood         ||     3
 Stab: Sleeping          ||     3
Armor: Skin              ||     4
Dodge: Dodged            ||    25

Table legend: (Time is in decaauts)
 A = Elapsed time spent in this place.
 B = Non-inter-level travel time spent in this place.
 C = Inter-level travel time spent in this place.
 D = Time resting spent in this place.
 E = Time spent auto-exploring this place.
 F = Levels seen in this place.
 G = Mean time per level.
                   A        B        C        D        E       F      G
               +--------+--------+--------+--------+--------+-----+--------+
         Total |   1217 |   1205 |     12 |      0 |   1074 |   2 |  608.5 |
       Dungeon |   1217 |   1205 |     12 |      0 |   1074 |   2 |  608.5 |
               +--------+--------+--------+--------+--------+-----+--------+

Top non-repeatable levels by time:
     D:1: 1199 daAuts
     D:2: 18 daAuts
